 Dungeon Crawl Stone Soup version 0.31-a0-640-g39d97e502b (webtiles) character file.

Game seed: 7285702773557030663

1973879 freelancePsychic the Slayer (level 26, 226/226 HPs)
             Began as a Demonspawn Shapeshifter on Aug 28, 2023.
             Was the Champion of Hepliaklqana.
             Escaped with the Orb
             ... and 3 runes!
             The game lasted 01:54:51 (50132 turns).

freelancePsychic the Slayer (DsSh)                 Turns: 50132, Time: 01:54:52

Health: 226/226    AC: 41    Str: 23    XL:     26   Next: 23%
Magic:  34/34      EV: 26    Int: 12    God:    Hepliaklqana [******]
Gold:   3452       SH:  8    Dex: 22    Spells: 25/25 levels left

rFire   + . .        a - +8 Vampire's Tooth {megavamp}
rCold   . . .        (no shield)
rNeg    . . .        R - +8 fire dragon scales
rPois   +            i - +2 helmet {SInv}
rElec   +            Q - +0 cloak of the Lute {rElec rPois rF- Dex+5}
rCorr   .            (gloves unavailable)
SInv    +            n - +2 pair of boots {rampage}
Will    +....        j - brooch of Shielding {Spirit SH+8}
Stlth   ++           V - ring of the Final Chapter {AC+4 Str+3}
HPRegen 0.57/turn    D - ring of protection from cold
MPRegen 0.24/turn

%: guardian spirit, rampage
@: studying 3 skills
A: reduced essence, rugged brown scales 3, powered by pain 2, spiny 3, black
mark, bedeviling, aura of silence, demonic touch 3, clumsy 1
0: Orb of Zot
}: 3/15 runes: decaying, serpentine, abyssal
a: Renounce Religion, Recall Ancestor, Ancestor Identity, Transference, Idealise


You escaped.
You worshipped Hepliaklqana.
Hepliaklqana was exalted by your worship.
You visited 10 branches of the dungeon, and saw 47 of its levels.
You visited the Abyss 2 times.
You visited 1 bazaar.
You also visited: Sewer and Gauntlet.

You collected 6853 gold pieces.
You spent 3401 gold pieces at shops.

Inventory:

Hand Weapons
 a - the +8 Vampire's Tooth (weapon) {megavamp}
   (You acquired it on level 5 of the Lair of Beasts)
 b - a +7 quick blade of electrocution
Missiles
 o - 2 throwing nets
Armour
 i - a +2 helmet of see invisible (worn)
 k - the +1 plate armour of the Orb Guardian {rPois Will+ Regen+}
   (You bought it in a shop in a bazaar)

   rPois:     It protects you from poison Will+: It increases your willpower.
   Regen+:    It increases your rate of health regeneration.
 n - a +2 pair of boots of rampaging (worn)
 C - the +8 acid dragon scales "Buagh" {rF+ Will- rCorr Dex+3}
   (You bought it in a shop in a bazaar)

   Dex+3:     It affects your dexterity (+3).
   rF+:       It protects you from fire.
   Will-:     It decreases your willpower.
   rCorr:     It protects you from acid and corrosion.
 Q - the +0 cloak of the Lute (worn) {rElec rPois rF- Dex+5}
   (You bought it in a shop on level 12 of the Dungeon)

   Dex+5:     It affects your dexterity (+5).
   rF-:       It makes you vulnerable to fire.
   rElec:     It insulates you from electricity.
   rPois:     It protects you from poison
 R - +8 fire dragon scales (worn)
Jewellery
 d - a ring of positive energy
 j - the brooch of Shielding (around neck) {Spirit SH+8}
   (You found it on level 3 of the Elven Halls)

   [amulet of guardian spirit]

   Spirit:    It causes incoming damage to be divided between your reserves of
   health and magic.
   SH+8:      It affects your SH (+8).
 D - a ring of protection from cold (right hand)
 L - the ring of Circularity {rF+ rN+ Str+2 Int+2}
   (You took it off a vampire mage on level 3 of the Depths)

   [ring of protection from fire]

   Str+2:     It affects your strength (+2).
   Int+2:     It affects your intelligence (+2).
   rF+:       It protects you from fire.
   rN+:       It protects you from negative energy.
 V - the ring of the Final Chapter (left hand) {AC+4 Str+3}
   (You found it in a Gauntlet)

   [ring of protection]

   AC+4:      It affects your AC (+4).
   Str+3:     It affects your strength (+3).
Wands
 u - a wand of light (37)
 w - a wand of mindburst (65)
 A - a wand of digging (20)
 E - a wand of polymorph (34)
 I - a wand of charming (41)
 M - a wand of iceblast (63)
 N - a wand of flame (57)
Scrolls
 f - 3 scrolls of blinking
 l - 24 scrolls of teleportation {@r4}
 m - 3 scrolls of brand weapon
 t - 7 scrolls of revelation
 v - 8 scrolls of fear
 y - 6 scrolls of vulnerability
 z - 2 scrolls of immolation
 H - 3 scrolls of butterflies
 J - 21 scrolls of identify {@r1}
 P - 6 scrolls of silence
 T - 5 scrolls of poison
 Z - 6 scrolls of fog
Potions
 c - 5 potions of invisibility
 e - 7 potions of degeneration
 g - 6 potions of brilliance
 h - 18 potions of curing {@q1}
 p - 4 potions of haste {@q3}
 q - 15 potions of enlightenment
 r - a potion of attraction
 s - a potion of ambrosia
 x - a potion of berserk rage
 B - 12 potions of lignification
 F - 3 potions of heal wounds {@q2}
 G - 6 potions of mutation
 K - 4 potions of might
 S - a potion of cancellation
 U - a potion of magic
Miscellaneous
 O - a phial of floods
 W - a lightning rod (4/4)
 X - a phantom mirror
 Y - a box of beasts


   Skills:
 + Level 24.7 Fighting
 - Level 14.0 Short Blades
 - Level 22.0 Armour
 - Level 22.0 Dodging
 - Level 12.0 Stealth
 - Level 2.9 Unarmed Combat
 - Level 15.0 Invocations
 - Level 15.0 Evocations
 - Level 2.8 Shapeshifting


You had 25 spell levels left.
You didn't know any spells.
Your spell library contained the following spells:

 Spells                   Type           Power      Damage    Failure   Level
 Apportation              Tloc           0%         N/A       52%         1
 Kiss of Death            Conj/Necr      0%         2d5       52%         1
 Magic Dart               Conj           0%         1d3       52%         1
 Necrotise                Necr           0%         1d4       52%         1
 Sandblast                Erth           0%         2d4       52%         1
 Sting                    Tmut/Pois      0%         1d3       52%         1
 Summon Small Mammal      Summ           0%         N/A       52%         1
 Blink                    Tloc           0%         N/A       67%         2
 Call Imp                 Summ           0%         N/A       67%         2
 Cigotuvi's Dreadful Rot  Necr/Pois/Air  0%         N/A       67%         2
 Ensorcelled Hibernation  Hex/Ice        0%         N/A       67%         2
 Lesser Beckoning         Tloc           0%         N/A       67%         2
 Passwall                 Tmut/Erth      0%         N/A       67%         2
 Poisonous Vapours        Pois/Air       0%         N/A       67%         2
 Searing Ray              Conj           0%         2d4       67%         2
 Sublimation of Blood     Necr           0%         N/A       67%         2
 Wereblood                Tmut           0%         N/A       67%         2
 Confusing Touch          Hex            0%         N/A       88%         3
 Frozen Ramparts          Ice            0%         1d1       88%         3
 Gell's Gravitas          Tloc           0%         N/A       88%         3
 Hailstorm                Conj/Ice       0%         3d3       88%         3
 Ignite Poison            Fire/Tmut/Pois 0%         N/A       88%         3
 Mephitic Cloud           Conj/Pois/Air  0%         N/A       88%         3
 Ozocubu's Armour         Ice            0%         N/A       88%         3
 Stone Arrow              Conj/Erth      0%         3d7       88%         3
 Summon Guardian Golem    Hex/Summ       0%         N/A       88%         3
 Teleport Other           Tloc           0%         N/A       88%         3
 Tukima's Dance           Hex            0%         N/A       88%         3
 Vampiric Draining        Necr           0%         2d6       88%         3
 Anguish                  Hex/Necr       0%         N/A       99%         4
 Animate Armour           Summ/Erth      0%         N/A       99%         4
 Animate Dead             Necr           0%         N/A       99%         4
 Cause Fear               Hex            0%         N/A       99%         4
 Dispel Undead            Necr           0%         3d6       99%         4
 Fulminant Prism          Conj/Hex       0%         3d5       99%         4
 Manifold Assault         Tloc           0%         N/A       99%         4
 Olgreb's Toxic Radiance  Pois           0%         N/A       99%         4
 Passage of Golubria      Tloc           0%         N/A       99%         4
 Petrify                  Tmut/Erth      0%         N/A       99%         4
 Sticky Flame             Conj/Fire      0%         2d3       99%         4
 Summon Ice Beast         Ice/Summ       0%         N/A       99%         4
 Summon Lightning Spire   Summ/Air       0%         N/A       99%         4
 Vhi's Electric Charge    Tloc/Air       0%         N/A       99%         4
 Agony                    Necr           0%         N/A       100%        5
 Alistair's Intoxication  Tmut/Pois      0%         N/A       100%        5
 Arcjolt                  Conj/Air       0%         1d10      100%        5
 Borgnjor's Vile Clutch   Necr/Erth      0%         N/A       100%        5
 Fireball                 Conj/Fire      0%         3d3       100%        5
 Freezing Cloud           Conj/Ice/Air   0%         6-21      100%        5
 Irradiate                Conj/Tmut      0%         3d11      100%        5
 Iskenderun's Battlesphe  Conj           0%         2d6       100%        5
 Lee's Rapid Deconstruct  Erth           0%         3d4*      100%        5
 Metabolic Englaciation   Hex/Ice        0%         N/A       100%        5
 Yara's Violent Unravell  Hex/Tmut       0%         3d3       100%        5
 Conjure Ball Lightning   Conj/Air       0%         3x3d6     100%        6
 Death Channel            Necr           0%         N/A       100%        6
 Dispersal                Tloc           0%         N/A       100%        6
 Eringya's Noxious Bog    Tmut/Pois      0%         4d6       100%        6
 Leda's Unmaking          Conj/Erth      0%         9d1       100%        6
 Plasma Beam              Fire/Air       0%         2x1d10    100%        6
 Simulacrum               Ice/Necr       0%         N/A       100%        6
 Summon Cactus Giant      Summ           0%         N/A       100%        6
 Enfeeble                 Hex            0%         N/A       100%        7
 Haunt                    Necr/Summ      0%         N/A       100%        7
 Orb of Destruction       Conj           0%         9d5       100%        7
 Spellforged Servitor     Conj/Summ      0%         N/A       100%        7
 Disjunction              Tloc           0%         N/A       100%        8
 Ignition                 Fire           0%         3d3       100%        8
 Infestation              Necr           0%         N/A       100%        8
 Maxwell's Capacitive Co  Air            0%         ∞         100%        8
 Summon Horrible Things   Summ           0%         N/A       100%        8
 Dragon's Call            Summ           0%         N/A       100%        9


Dungeon Overview and Level Annotations

Branches:
Dungeon (15/15)            Temple (1/1) D:7            Lair (5/5) D:10
  Swamp (4/4) Lair:2        Snake (4/4) Lair:3        Slime (0/5) Lair:4
    Orc (2/2) D:12            Elf (3/3) Orc:2        Vaults (4/5) D:13
  Crypt (0/3) Vaults:2     Depths (4/4) D:15            Zot (5/5) Depths:4
  Sewer (visited)         Gauntlet (visited)

Altars:
Ashenzari
Cheibriados
Dithmenos
Fedhas
Gozag
Hepliaklqana
Kikubaaqudgha
Makhleb
Nemelex Xobeh
Okawaru
Qazlal
Ru
Sif Muna
Trog
Uskayaw
Vehumet
Wu Jian
Xom
Yredelemnul
Jiyva

Shops:
D:3 *   D:4 [   D:6 ?   D:8 !   D:12 [   Orc:2 :??=   Elf:2 (   Snake:1 (!(
Snake:3 (   Vaults:2 !   Vaults:4 (

Portals:
Hell: Depths:1 Depths:2 Depths:3 Depths:4
Abyss: Depths:3
Pandemonium: Depths:2 Depths:3
Ziggurat: Depths:3

Annotations:
D:12 1 runed translucent door
Lair:5 exclusion: oklob plant
Elf:2 3 runed translucent doors, Roxanne
Vaults:3 1 transporter, Iluymox's ghost, adept KoBr
Zot:2 2 transporters, Sackuas's ghost, veteran OgBe
Zot:4 1 transporter


Innate Abilities, Weirdness & Mutations

Your life essence is reduced to manifest your ancestor. (-10% HP)
You are completely covered in rugged brown scales. (AC +3, +7% HP)
You sometimes gain power by taking damage.
You are completely covered in sharp spines.
Your melee attacks may debilitate your foes.
Your hexes are more powerful.
You are surrounded by an aura of silence.
Your touch may irresistibly damage your foes and sap their willpower.
You are clumsy. (Dex -2)


Message History

a +0 scale mail; a +1 dire flail; a demonspawn corpse You are no longer corroded.
There is a stone staircase leading up here.
You climb upwards.
There is a stone staircase leading down here.
There is a stone staircase leading up here.
You climb upwards.
There is a stone staircase leading down here.
You swap places.
There is a stone staircase leading up here.
You climb upwards.
There is a stone staircase leading down here.
You swap places.
There is a stone staircase leading up here.
You climb upwards.
There is a stone staircase leading down here.
An efreet comes into view.
It is wielding a +4 scimitar of flaming.
Unknown command.
You rampage towards the efreet!
The efreet gestures at you. The bolt of fire misses you.
You rampage towards the efreet!
You rampage towards the efreet!
You barely miss the efreet. x2
Your touch misses the efreet. You barely miss the efreet. x2
Circe gestures wildly while chanting.
The efreet appears confused.
No reachable target in view!
No reachable target in view!
No reachable target in view!
No reachable target in view!
You puncture the efreet!
You catch the helpless efreet completely off-guard!
You stick the efreet like a pincushion!!!
You kill the efreet!
You see here a +4 scimitar of flaming.
What level of the Dungeon? (default 1, ? - help)
There is a staircase leading out of the dungeon here.
Unknown command.
You have escaped!

#P......~....P.PP#
#P..~.~..~...~...#
......P..~P..P...#
....P...P.....P~.#
..P.~..~P.~~.....#
)..~...P..~...~.P#
......(..~P~..P.P#
.##.~...~P.~..~.R#
.##P~##...~~~##.@#
.###≈~.#.~~~~≈≈###
.# ######≈.#≈≈##
## ####### #


You could see the friendly Circe the hexer.

Vanquished Creatures
  5 dread liches (Zot:5)
  3 ancient liches (Zot:5)
  Tiamat (Zot:3)
  Mara (Depths:1)
  5 orbs of fire
  A juggernaut (Depths:3)
  Boris (Depths:4)
  5 Killer Klowns
  Bai Suzhen (Swamp:4)
  Saint Roka (Orc:2)
  Parghit (Zot:3)
  6 caustic shrikes (Depths:4)
  8 golden dragons
  Nikola (Snake:2)
  Norris (Depths:1)
  A Tzitzimitl (Depths:4)
  A Brimstone Fiend (Depths:4)
  5 electric golems
  A walking crystal tome (Depths:3)
  Mlioglotl (Swamp:1)
  26 Orb Guardians
  6 tentacled monstrosities
  A Hell Sentinel (Zot:5)
  A deep elf blademaster (Elf:3)
  5 liches
  5 quicksilver dragons
  2 walking earthen tomes
  A titan (Depths:4)
  3 deep elf master archers (Elf:3)
  10 death cobs
  7 sphinxes
  A tentacled starspawn (Abyss:5)
  6 shadow dragons
  10 storm dragons
  Aizul (Vaults:3)
  A tengu reaver (Depths:4)
  2 thorn hunters
  Donald (Vaults:4)
  11 draconian monks
  4 nagarajas
  7 draconian knights
  5 fire giants
  2 fenstrider witches (Swamp:4)
  5 deep elf sorcerers
  A daeva (Abyss:2)
  6 frost giants
  6 vault wardens
  2 ghost moths (Zot:5)
  2 caustic shrike zombies (Depths:2)
  10 draconian scorchers
  4 iron dragons
  6 draconian annihilators
  A cacodemon (Gauntlet)
  2 ghouls (Vaults:2)
  3 deep elf elementalists
  4 draconian stormcallers (Zot:3)
  2 orc warlords
  The ghost of abessonov the Peltast, a journeyman MiFi of Hepliaklqana (D:12)
  10 ironbound preservers
  A spriggan defender (Depths:4)
  A demonspawn corrupter (D:5)
  6 draconian shifters
  2 formless jellyfish (Vaults:3)
  2 reapers
  The ghost of Dagg the Bludgeoner, a journeyman FoFi of Okawaru (Orc:1)
  10 ironbound thunderhulks
  7 very ugly things
  14 stone giants
  An eleionoma (Swamp:1)
  4 vampire knights
  A juggernaut skeleton (Depths:3)
  2 deep elf demonologists (Elf:3)
  14 green draconians
  8 deep elf annihilators (Elf:3)
  4 spark wasps (Depths:3)
  Nessos (D:13)
  16 black draconians
  6 bunyips
  A minotaur (Gauntlet)
  22 red draconians
  12 purple draconians
  11 white draconians
  19 dire elephants
  13 yellow draconians
  6 deep elf death magi
  An eidolon (Abyss:2)
  The ghost of AtlasWard the Cleaver, a journeyman HuFi of Okawaru (D:11)
  2 merfolk javelineers (Depths:3)
  A green death (D:10)
  2 merfolk impalers (Depths:3)
  3 crystal guardians
  6 ettins
  A spriggan zombie (Depths:2)
  11 fire dragons
  7 jiangshi
  Josephine (D:13)
  4 deep elf high priests
  2 entropy weavers
  6 great orbs of eyes
  2 shambling mangroves (Swamp:4)
  4 salamander tyrants (Snake:4)
  2 spriggan air magi
  6 yaktaur captains
  2 peacekeepers
  25 hydras
  5 rakshasas
  7 vault guards
  15 alligators
  2 catoblepae
  2 sphinx zombies (Depths:2)
  2 hell beasts
  6 ice dragons
  14 anacondas
  10 centaur warriors
  12 ironbound frosthearts
  4 ogre magi
  17 dancing weapons
  A ghost crab (Swamp:1)
  4 tengu warriors
  17 two-headed ogres
  3 boulder beetles
  2 demonic crawlers
  12 death yaks
  6 deep troll shamans
  3 vampire magi
  8 naga warriors
  9 deep troll earth magi
  4 spriggan berserkers
  15 naga sharpshooters
  2 orc high priests (Orc:2)
  4 hell hogs (D:15)
  4 shock serpents
  A soul eater (Depths:2)
  5 thrashing horrors
  4 hell knights (Depths:4)
  10 deep elf knights
  2 sun demons
  11 iron trolls
  3 salamander mystics (Snake:4)
  7 skysharks
  4 wretched stars
  A titan skeleton (Depths:2)
  A skeletal warrior (D:12)
  A sixfirhy (Abyss:2)
  A golden dragon skeleton (Depths:2)
  A golden dragon zombie (Depths:1)
  A shadow demon (D:5)
  A flayed ghost (Depths:2)
  A goliath frog (Swamp:4)
  14 bog bodies
  5 glowing orange brains
  7 spriggan druids
  7 naga ritualists
  33 deep trolls
  4 orc knights (Vaults:1)
  6 swamp dragons
  17 wizards
  2 tengu zombies
  9 deep elf archers
  11 lindwurms
  13 ironbound convokers
  2 fire giant zombies (Depths:2)
  2 harpies (shapeshifter) (D:13)
  3 phantasmal warriors
  10 mana vipers
  18 deep elf pyromancers
  A stone giant zombie (Depths:2)
  2 iron dragon zombies (Depths:2)
  A frost giant zombie (Depths:1)
  A wolf spider (D:15)
  4 necromancers
  41 ugly things
  15 deep elf zephyrmancers
  A shining eye (shapeshifter) (Vaults:4)
  4 will-o-the-wisps
  A faun (Lair:1)
  15 salamanders
  11 cyclopes
  13 moths of wrath
  An orc sorcerer (Orc:1)
  9 elephants
  A shadow dragon skeleton (Depths:2)
  2 tengu skeletons (Depths:2)
  A worldbinder (Abyss:5)
  7 manticores
  40 black mambas
  A frost giant skeleton (Depths:2)
  Joseph (D:7)
  3 guardian serpents
  14 naga magi
  An apocalypse crab (Abyss:2)
  A rust devil (Depths:2)
  5 smoke demons
  16 vault sentinels
  An eye of devastation (shapeshifter) (D:15)
  2 unseen horrors (shapeshifter)
  3 gargoyles
  6 rime drakes
  An orange demon (Abyss:2)
  2 torpor snails
  13 cane toads
  Psyche (D:10)
  2 hellions
  4 unseen horrors
  2 efreet
  A komodo dragon (shapeshifter) (D:13)
  4 kobold demonologists (Abyss:1)
  An ice devil (Depths:2)
  19 yaktaurs
  2 ancient zymes (Abyss:5)
  7 komodo dragons
  A yaktaur (shapeshifter) (D:13)
  A red devil (Abyss:2)
  3 tengu conjurers
  4 meliai
  5 hellwings
  3 polar bears (Lair:2)
  19 trolls
  A tyrant leech (shapeshifter) (Elf:3)
  9 hornets
  23 blink frogs
  2 tyrant leeches
  A wolf spider simulacrum (D:12)
  8 raiju
  7 dream sheep
  19 slime creatures
  An ettin skeleton (Depths:1)
  2 air elementals
  2 centaur simulacra
  13 spriggans
  6 ynoxinuls
  A spriggan skeleton (Depths:1)
  2 shadows
  4 wyverns
  9 flying skulls
  8 water elementals
  37 yaks
  4 vampires
  A wyvern (shapeshifter) (D:13)
  6 wraiths
  A fire elemental (Elf:3)
  8 large abominations
  A redback (Vaults:3)
  2 steam dragons
  6 basilisks
  A chaos spawn (D:8)
  15 vampire mosquitoes
  The ghost of Farjai the Changeling, an amateur DsSh (D:3)
  2 neqoxecs
  5 wargs
  3 glowing shapeshifter zombies
  25 nagas
  13 water moccasins
  6 acid dragons
  12 swamp worms
  2 hell hounds (Gauntlet)
  Duvessa (D:4)
  2 floating eyes
  5 black bears
  6 swamp drakes
  21 orc warriors
  An ice beast (D:6)
  3 sky beasts
  7 small abominations
  24 ogres
  15 wolves
  A boggart (Vaults:4)
  8 centaurs
  2 gnoll sergeants
  8 kobold brigands
  2 earth elementals
  2 scorpions
  11 bullfrogs
  8 wights
  Dowan (D:4)
  14 killer bees
  9 howler monkeys
  3 electric eels (Lair:2)
  2 hexers
  2 hounds
  4 jellies
  18 orc priests
  8 starcursed masses
  A gnoll bouda (Orc:2)
  4 iguanas
  22 orc wizards
  14 gnolls
  5 river rats
  11 adders
  A shadow imp (D:7)
  4 white imps
  2 worms
  4 dart slugs
  91 orcs
  7 endoplasms
  3 giant cockroaches
  2 goblins
  7 hobgoblins
  4 jackals (D:4)
  19 kobolds
  4 quokkas
  11 ball pythons
  5 bats (D:1)
  9 frilled lizards
  17 rats
  A lurking horror (Abyss:5)
  A starspawn tentacle (Abyss:5)
1941 creatures vanquished.

Vanquished Creatures (collateral kills)
  An ancient lich (Zot:5)
  An orb of fire (Zot:4)
  A caustic shrike (Depths:4)
  3 golden dragons
  A Tzitzimitl (D:15)
  3 tentacled monstrosities
  A lich (Depths:2)
  2 Orb Guardians (Zot:5)
  2 quicksilver dragons
  5 death cobs
  An Executioner (Depths:4)
  A tengu reaver (Depths:4)
  3 storm dragons
  2 shadow dragons
  A fenstrider witch (Swamp:3)
  2 vault wardens (Vaults:3)
  2 draconian scorchers (Zot:2)
  A draconian shifter (Zot:4)
  A formless jellyfish (Vaults:1)
  A demonspawn blood saint (D:5)
  2 stone giants (Depths:3)
  4 draconian annihilators
  4 green draconians
  A lorocyproca (Abyss:2)
  2 black draconians
  A red draconian (Zot:4)
  A yellow draconian (Zot:3)
  A white draconian (Zot:4)
  A bunyip (Swamp:4)
  A dire elephant (Vaults:2)
  6 purple draconians
  2 ettins (Depths:4)
  2 fire dragons
  A hydra (Swamp:4)
  2 ice dragons (Depths:4)
  An alligator (Swamp:4)
  A peacekeeper (Vaults:3)
  A death yak (Lair:5)
  2 dancing weapons
  A two-headed ogre (D:9)
  A naga warrior (Snake:1)
  A naga sharpshooter (Snake:4)
  A thrashing horror (Abyss:5)
  A soul eater (Abyss:2)
  A hell knight (Depths:4)
  An iron troll (Depths:2)
  A sixfirhy (D:15)
  2 deep elf archers
  3 ironbound convokers
  A lindwurm (Vaults:1)
  2 deep trolls
  2 swamp dragons
  2 large abominations (Abyss:2)
  2 mana vipers
  An ugly thing (Vaults:4)
  A deep elf zephyrmancer (Elf:3)
  3 elephants
  A worldbinder (Abyss:2)
  A moth of wrath (Zot:2)
  2 salamanders (Snake:4)
  A vault sentinel (Vaults:4)
  A cyclops (D:14)
  A black mamba (Lair:4)
  An apocalypse crab (Abyss:5)
  2 cane toads
  2 komodo dragons
  4 yaktaurs
  3 ancient zymes (Abyss:2)
  A hellwing (Abyss:5)
  3 tyrant leeches
  A troll (D:11)
  A polar bear (Lair:3)
  4 blink frogs
  3 slime creatures (Vaults:2)
  3 dream sheep (Lair:4)
  2 flying skulls (Abyss:5)
  A spriggan (Swamp:1)
  A wraith (D:13)
  An air elemental (Elf:2)
  A basilisk (Lair:5)
  10 yaks
  A water elemental (Elf:2)
  3 nagas
  2 water moccasins
  2 swamp worms
  A glowing shapeshifter skeleton (Depths:3)
  A swamp drake (Lair:5)
  4 ogres (Orc:2)
  3 starcursed masses (Abyss:2)
  5 wolves
  A bullfrog (D:8)
  2 killer bees (D:8)
  An electric eel (Lair:2)
  An iguana (Lair:5)
  6 orc wizards
  8 orcs
  2 kobolds (D:9)
  A butterfly (Swamp:4)
193 creatures vanquished.

Vanquished Creatures (others)
  A shadow dragon (Zot:3)
  A deep elf elementalist (Elf:3)
  A ghost moth (Abyss:5)
  A draconian annihilator (Zot:3)
  A hydra (Lair:4)
  A shock serpent (Snake:4)
  A deep troll (Depths:2)
  A black mamba (Snake:1)
  A naga mage (Snake:4)
  A komodo dragon (Lair:4)
  4 bloated husks
  A naga (Snake:1)
  A swamp worm (Swamp:3)
  35 hexers
  17 foxfires
  A lurking horror (Abyss:2)
  A starspawn tentacle (Abyss:5)
70 creatures vanquished.

Grand Total: 2204 creatures vanquished

Notes
Turn   | Place    | Note
-------+----------+-------------------------------------------
     0 | D:1      | freelancePsychic the Demonspawn Shapeshifter began the
                  | quest for the Orb.
     0 | D:1      | Reached XP level 1. HP: 15/15 MP: 1/1
   145 | D:1      | Gained mutation: Your touch may inflict minor irresistible
                  | damage on your foes. [demonic ancestry]
   145 | D:1      | Reached XP level 2. HP: 19/21 MP: 2/2
   421 | D:1      | Reached skill level 1 in Short Blades
   495 | D:1      | Gained mutation: Your touch may inflict irresistible damage
                  | on your foes. [demonic ancestry]
   495 | D:1      | Reached XP level 3. HP: 20/27 MP: 3/3
   823 | D:2      | Reached skill level 2 in Fighting
  1103 | D:2      | Found a faded altar of an unknown god.
  1444 | D:3      | Reached XP level 4. HP: 34/34 MP: 4/4
  1519 | D:3      | Noticed a black bear
  1544 | D:3      | Killed a black bear
  1545 | D:3      | Reached skill level 3 in Fighting
  1545 | D:3      | Gained mutation: You sometimes gain a little power by
                  | taking damage. [demonic ancestry]
  1545 | D:3      | Reached XP level 5. HP: 41/41 MP: 5/5
  1765 | D:3      | Found Hukoegui's Assorted Antiques.
  1773 | D:3      | Bought a scroll labelled HEN NAWAKI for 19 gold pieces
  1773 | D:3      | Bought a scroll labelled QUON UMAORUS for 19 gold pieces
  1810 | D:3      | Found a runed translucent gate.
  1810 | D:3      | Noticed Farjai's ghost (amateur DsSh)
  1812 | D:3      | Found a runed translucent gate.
  1812 | D:3      | Identified the +5 sling of Truncation {flame, rF- rN+
                  | Dex+4}
  1813 | D:3      | Found a runed translucent gate.
  1941 | D:3      | Found a glowing drain.
  1985 | Sewer    | Entered a sewer
  2234 | Sewer    | Gained mutation: You are partially covered in rugged brown
                  | scales. (AC +1, +3% HP) [demonic ancestry]
  2234 | Sewer    | Reached XP level 6. HP: 37/48 MP: 6/6
  3083 | D:4      | Found Syloseh's Antique Armour Boutique.
  3304 | D:4      | Noticed Duvessa
  3304 | D:4      | Noticed Dowan
  3316 | D:4      | Killed Duvessa
  3317 | D:4      | Reached skill level 4 in Fighting
  3317 | D:4      | Reached skill level 5 in Short Blades
  3318 | D:4      | Killed Dowan
  3319 | D:4      | Gained mutation: You are partially covered in sharp spines.
                  | [demonic ancestry]
  3319 | D:4      | Reached XP level 7. HP: 55/55 MP: 7/7
  3574 | D:5      | Entered Level 5 of the Dungeon
  3618 | D:5      | Identified the +0 chain mail "Ontid" {Str+3}
  3843 | D:5      | Found a shimmering blue altar of Sif Muna.
  4879 | D:6      | Reached skill level 5 in Fighting
  4915 | D:6      | Identified the +9 sling of the Hummingbird {heavy, rElec}
  5075 | D:6      | Found Yzag's Magic Scroll Boutique.
  5105 | D:6      | Reached XP level 8. HP: 64/64 MP: 8/8
  5392 | D:6      | Reached skill level 6 in Fighting
  5676 | D:7      | Gained mutation: Your touch may irresistibly damage your
                  | foes and sap their willpower. [demonic ancestry]
  5676 | D:7      | Reached XP level 9. HP: 66/73 MP: 9/9
  5839 | D:7      | Found a staircase to the Ecumenical Temple.
  5845 | Temple   | Entered the Ecumenical Temple
  5913 | Temple   | Became a worshipper of Hepliaklqana the Forgotten
  5999 | D:7      | Noticed Joseph
  6009 | D:7      | Killed Joseph
  6010 | D:7      | Reached skill level 7 in Fighting
  6256 | D:7      | Noticed a troll
  6273 | D:7      | Killed a troll
  6553 | D:6      | Bought 2 scrolls of identify for 56 gold pieces
  6553 | D:6      | Bought 3 scrolls of identify for 84 gold pieces
  6737 | D:8      | Reached * piety under Hepliaklqana
  6776 | D:8      | Reached skill level 10 in Short Blades
  6776 | D:8      | Reached skill level 1 in Invocations
  6778 | D:8      | Reached skill level 8 in Fighting
  6778 | D:8      | Reached skill level 1 in Armour
  7212 | D:8      | Reached ** piety under Hepliaklqana
  7213 | D:8      | Remembered your ancestor Circe as a hexer
  7216 | D:8      | Found Gaodd's Distillery.
  7233 | D:8      | Reached skill level 1 in Stealth
  7248 | D:8      | Bought a potion of curing for 39 gold pieces
  7401 | D:8      | Reached XP level 10. HP: 74/74 MP: 12/12
  7794 | D:9      | Noticed a two-headed ogre
  7809 | D:9      | Killed a two-headed ogre
  8007 | D:9      | Reached skill level 5 in Stealth
  8007 | D:9      | Reached skill level 5 in Invocations
  8016 | D:9      | Reached skill level 9 in Fighting
  8326 | D:10     | Entered Level 10 of the Dungeon
  8367 | D:10     | Noticed Psyche
  8378 | D:10     | Killed Psyche
  8395 | D:10     | Reached XP level 11. HP: 68/82 MP: 15/15
  8746 | D:10     | Found a sacrificial altar of Ru.
  8801 | D:10     | Found a blossoming altar of Fedhas.
  8807 | D:10     | Found a hide-covered altar of Uskayaw.
  8810 | D:10     | Found a snail-covered altar of Cheibriados.
  9088 | D:10     | Found a staircase to the Lair.
  9332 | D:11     | Reached skill level 5 in Armour
  9385 | D:11     | Reached *** piety under Hepliaklqana
  9396 | D:11     | Noticed AtlasWard's ghost (journeyman HuFi)
  9563 | D:11     | Noticed a brown ugly thing
  9577 | D:11     | Killed a brown ugly thing
  9887 | D:11     | Reached skill level 10 in Fighting
  9943 | D:11     | Found a runed translucent door.
 10055 | D:11     | Noticed a two-headed ogre
 10064 | D:11     | Killed a two-headed ogre
 10587 | D:11     | Killed AtlasWard's ghost
 10682 | D:12     | Noticed a purple ugly thing
 10702 | D:12     | Killed a purple ugly thing
 10765 | D:12     | Noticed a red ugly thing
 10772 | D:12     | Killed a red ugly thing
 10780 | D:12     | Found a runed translucent door.
 10780 | D:12     | Noticed a necromancer
 10781 | D:12     | Noticed a frost giant
 10787 | D:12     | Found a runed translucent door.
 10787 | D:12     | Noticed a deep elf high priest
 10788 | D:12     | Noticed a lich
 10788 | D:12     | Noticed abessonov's ghost (journeyman MiFi)
 10788 | D:12     | Noticed a skeletal warrior
 10955 | D:12     | Found Qetas's Antique Armour Boutique.
 10958 | D:12     | Bought a faintly glowing cloak for 285 gold pieces
 10958 | D:12     | Identified the +0 cloak of the Lute {rElec rPois rF- Dex+5}
                  | (You bought it in a shop on level 12 of the Dungeon)
 11118 | D:12     | Reached **** piety under Hepliaklqana
 11351 | D:12     | Found a staircase to the Orcish Mines.
 11355 | D:12     | Gained mutation: You are mostly covered in rugged brown
                  | scales. (AC +2, +5% HP) [demonic ancestry]
 11355 | D:12     | Reached XP level 12. HP: 70/94 MP: 16/16
 11819 | D:3      | Killed Farjai's ghost
 12012 | Lair:1   | Entered Level 1 of the Lair of Beasts
 12022 | Lair:1   | Reached skill level 11 in Fighting
 13048 | Lair:2   | Reached skill level 1 in Evocations
 13081 | Lair:2   | Reached skill level 12 in Fighting
 13210 | Lair:2   | Gained mutation: You are mostly covered in sharp spines.
                  | [demonic ancestry]
 13210 | Lair:2   | Reached XP level 13. HP: 94/102 MP: 13/17
 13788 | Lair:2   | Found a staircase to the Swamp.
 14087 | Lair:3   | Found a staircase to the Snake Pit.
 14374 | Lair:3   | Identified the +1 quarterstaff "Efua" {venom, Fragile rElec
                  | rPois Stlth+}
 14487 | Lair:3   | Reached ***** piety under Hepliaklqana
 14956 | Lair:4   | Reached skill level 5 in Evocations
 15111 | Lair:4   | Reached skill level 13 in Fighting
 15430 | Lair:4   | Found a staircase to the Slime Pits.
 15431 | Lair:4   | Found a viscous altar of Jiyva.
 15652 | Lair:4   | Reached skill level 10 in Armour
 15652 | Lair:4   | Reached XP level 14. HP: 97/112 MP: 18/18
 16162 | Lair:5   | Entered Level 5 of the Lair of Beasts
 16314 | Lair:5   | Identified a scroll of acquirement
 16314 | Lair:5   | Acquired the +8 Vampire's Tooth {megavamp}
 16314 | Lair:5   | Found the +8 Vampire's Tooth {megavamp}
 16682 | Lair:5   | Reached skill level 14 in Fighting
 16746 | Lair:5   | Identified the +4 kite shield of Nody {rPois Int+4 Stlth-}
 16862 | Lair:5   | Noticed Sonja
 16872 | Lair:5   | Sonja changed into something unseen
 16885 | Lair:5   | Killed Sonja the unseen horror
 17315 | Lair:5   | Reached skill level 15 in Fighting
 17757 | D:13     | Noticed Nessos
 17768 | D:13     | Killed Nessos
 17821 | D:13     | Found a gate leading to a gauntlet.
 17828 | Gauntlet | Entered a Gauntlet
 17828 | Gauntlet | Found a transporter.
 17844 | Gauntlet | Found a transporter.
 17849 | Gauntlet | Noticed a cacodemon
 17861 | Gauntlet | Found a transporter.
 17864 | Gauntlet | Found a transporter.
 17874 | Gauntlet | Found a transporter.
 17894 | Gauntlet | Found a transporter.
 17897 | Gauntlet | Found a transporter.
 17901 | Gauntlet | Found a transporter.
 17924 | Gauntlet | Found a transporter.
 17943 | Gauntlet | Found a transporter.
 17953 | Gauntlet | Found a transporter.
 17973 | Gauntlet | Found a transporter.
 18021 | Gauntlet | Killed a cacodemon
 18036 | Gauntlet | Identified the ring of the Final Chapter {AC+4 Str+3}
 18058 | Gauntlet | Reached XP level 15. HP: 104/122 MP: 19/19
 18087 | Gauntlet | Identified the +2 pair of gloves "Xeifadae" {Rampage Will+
                  | Str-2 Int+5}
 18118 | Gauntlet | Got Sif Muna's Dissertation on Vicissitude
 18392 | D:13     | Acquired a manual of Shapeshifting
 18486 | D:13     | Noticed Josephine
 18489 | D:13     | Killed Josephine
 18535 | D:13     | Noticed a shadow dragon
 18551 | D:13     | Reached skill level 5 in Dodging
 18651 | D:13     | Reached skill level 10 in Stealth
 18812 | D:13     | Identified the +0 cloak of Pan-Flutes {Dex+3}
 18826 | D:13     | Got the Textbook on the Union
 18983 | D:13     | Found a gate to the Vaults.
 19880 | D:15     | Entered Level 15 of the Dungeon
 20247 | D:15     | Found a staircase to the Depths.
 20475 | D:15     | Gained mutation: You are completely covered in rugged brown
                  | scales. (AC +3, +7% HP) [demonic ancestry]
 20475 | D:15     | Reached XP level 16. HP: 123/133 MP: 20/20
 20517 | D:15     | Found a shadowy altar of Dithmenos.
 20765 | Orc:1    | Entered Level 1 of the Orcish Mines
 20947 | Orc:1    | Found a runed translucent door.
 20949 | Orc:1    | Noticed Dagg's ghost (journeyman FoFi)
 21161 | Orc:1    | Killed Dagg's ghost
 21211 | Orc:2    | Entered Level 2 of the Orcish Mines
 21211 | Orc:2    | Noticed Saint Roka
 21211 | Orc:2    | Found Veplumobbe's Magic Scroll Shoppe.
 21211 | Orc:2    | Found Zibub's Book Shop.
 21211 | Orc:2    | Found Ichuzuak's Jewellery Shop.
 21214 | Orc:2    | Reached skill level 16 in Fighting
 21220 | Orc:2    | Killed Saint Roka
 21279 | Orc:2    | Found Xiafing's Magic Scroll Boutique.
 21312 | Orc:2    | Found a staircase to the Elven Halls.
 21351 | Orc:2    | Bought a scroll of enchant armour for 105 gold pieces
 21362 | Orc:2    | Bought a scroll of poison for 64 gold pieces
 21362 | Orc:2    | Bought a scroll of teleportation for 48 gold pieces
 21898 | D:12     | Bought a glowing helmet for 225 gold pieces
 21971 | D:12     | Killed abessonov's ghost
 21974 | D:12     | Killed a lich
 22060 | D:12     | Got the Directory of Grisly Grit
 22227 | D:6      | Bought a scroll of fear for 56 gold pieces
 22227 | D:6      | Bought a scroll of teleportation for 42 gold pieces
 22227 | D:6      | Bought a scroll of enchant weapon for 105 gold pieces
 22227 | D:6      | Bought a scroll of blinking for 105 gold pieces
 22376 | Swamp:1  | Entered Level 1 of the Swamp
 22418 | Swamp:1  | Acquired 1068 gold pieces
 22430 | Swamp:1  | Noticed Mlioglotl
 22439 | Swamp:1  | Killed Mlioglotl
 22969 | Swamp:2  | Reached skill level 10 in Dodging
 23467 | Swamp:3  | Gained mutation: Your hexes are more powerful. [demonic
                  | ancestry]
 23467 | Swamp:3  | Reached XP level 17. HP: 141/141 MP: 22/22
 23961 | Swamp:4  | Entered Level 4 of the Swamp
 24080 | Snake:1  | Entered Level 1 of the Snake Pit
 24081 | Snake:1  | Found Amelilav's Distillery.
 24082 | Snake:1  | Found Appi's Weapon Shop.
 24134 | Snake:1  | Reached skill level 17 in Fighting
 24167 | Snake:1  | Found Fafufeu's Weapon Emporium.
 24171 | Snake:1  | Found a flickering gateway to a bazaar.
 24180 | Bazaar   | Entered a bazaar
 24180 | Bazaar   | Found Tink's General Store.
 24214 | Bazaar   | Found Virir's Antique Armour Shop.
 24240 | Bazaar   | Found Biazeenaa's Antique Weapon Shop.
 24268 | Bazaar   | Bought shimmering acid dragon scales for 990 gold pieces
 24268 | Bazaar   | Identified the +8 acid dragon scales "Buagh" {rF+ Will-
                  | rCorr Dex+3} (You bought it in a shop in a bazaar)
 24273 | Bazaar   | Bought a heavily runed plate armour for 616 gold pieces
 24273 | Bazaar   | Identified the +1 plate armour of the Orb Guardian {rPois
                  | Will+ Regen+} (You bought it in a shop in a bazaar)
 24380 | Snake:1  | Reached skill level 10 in Invocations
 24692 | Snake:1  | Bought a potion of invisibility for 128 gold pieces
 24692 | Snake:1  | Bought a potion of resistance for 160 gold pieces
 24833 | Snake:2  | Reached skill level 10 in Evocations
 24847 | Snake:2  | Noticed Nikola
 24865 | Snake:2  | Killed Nikola
 25229 | Snake:3  | Found Gipul's Weapon Boutique.
 25420 | Snake:3  | Reached ****** piety under Hepliaklqana
 26082 | Snake:4  | Entered Level 4 of the Snake Pit
 26087 | Snake:4  | Reached skill level 18 in Fighting
 26344 | Snake:4  | Reached XP level 18. HP: 146/152 MP: 25/25
 26900 | Snake:4  | Got a serpentine rune of Zot
 27580 | Swamp:4  | Noticed Bai Suzhen
 27603 | Swamp:4  | Killed Bai Suzhen
 27877 | Swamp:4  | Reached skill level 19 in Fighting
 28076 | Swamp:4  | Got a decaying rune of Zot
 28541 | Elf:1    | Entered Level 1 of the Elven Halls
 29021 | Elf:1    | Gained mutation: Your melee attacks may debilitate your
                  | foes. [demonic ancestry]
 29021 | Elf:1    | Reached XP level 19. HP: 161/161 MP: 26/26
 29422 | Elf:2    | Found a runed translucent gate.
 29426 | Elf:2    | Found a runed translucent gate.
 29426 | Elf:2    | Found a runed translucent gate.
 29491 | Elf:2    | Noticed Roxanne
 29593 | Elf:2    | Paralysed by an air elemental for 1 turns
 29662 | Elf:2    | Found Vaesuulu's Weapon Shop.
 29923 | Elf:3    | Entered Level 3 of the Elven Halls
 30106 | Elf:3    | Acquired a +3 quick blade of venom
 30501 | Elf:3    | Reached skill level 20 in Fighting
 30602 | Elf:3    | Identified the +10 spear "Agrol" {drain, Will+}
 30621 | Elf:3    | Identified the +3 battleaxe of Slow Death {flame, rCorr
                  | Int+3 SInv}
 30630 | Elf:3    | Found the +8 longbow "Zephyr" {speed, Dex+3 SInv}
 30641 | Elf:3    | Found the brooch of Shielding {Spirit SH+8}
 30704 | Elf:3    | Identified the +9 great sword "Usi Bie" {distort, rC- Will+
                  | Stlth+}
 30705 | Elf:3    | Identified the +3 leather armour of Lust {Will+}
 31335 | Vaults:1 | Entered Level 1 of the Vaults
 31709 | Vaults:1 | Identified the +3 shortbow of the Assorted Spines {freeze,
                  | rC+ Str-2 Int+3}
 32299 | Vaults:1 | Reached XP level 20. HP: 170/170 MP: 27/27
 32697 | Vaults:2 | Found Hobbam's Distillery.
 32705 | Vaults:2 | Bought a potion of heal wounds for 85 gold pieces
 32705 | Vaults:2 | Bought a potion of heal wounds for 85 gold pieces
 32705 | Vaults:2 | Bought a potion of heal wounds for 85 gold pieces
 32865 | Vaults:2 | Found a staircase to the Crypt.
 32996 | Vaults:2 | Reached skill level 15 in Armour
 33146 | Vaults:2 | Identified the +9 war axe "Worm's Wrath" {vamp, Fragile
                  | rElec Dex+6}
 33713 | Vaults:3 | Noticed Aizul
 33738 | Vaults:3 | Killed Aizul
 33918 | Vaults:3 | Reached skill level 15 in Dodging
 33931 | Vaults:3 | Noticed Iluymox's ghost (adept KoBr)
 33932 | Vaults:3 | Found a transporter.
 34386 | Vaults:3 | Identified the +2 robe of the Stars {Regen+}
 34630 | Vaults:3 | Identified the +0 leather armour of the Valley of Death
                  | {Str-5 Dex+5}
 34725 | Vaults:3 | Identified the +5 great mace "Jeyss" {freeze, rCorr Int+2}
 35025 | Vaults:3 | Gained mutation: You sometimes gain power by taking damage.
                  | [demonic ancestry]
 35025 | Vaults:3 | Reached XP level 21. HP: 177/177 MP: 30/30
 35437 | Vaults:4 | Paralysed by a great orb of eyes for 3 turns
 35589 | Vaults:4 | Identified the +5 kite shield "Gibbaot" {Fly Dex+4 Stlth+}
 35589 | Vaults:4 | Noticed Donald
 35598 | Vaults:4 | Killed Donald
 36039 | Vaults:4 | Identified the +1 longbow "Sefefixt" {speed, Contam rC-
                  | Str+8 Dex+7}
 36146 | Vaults:4 | Found Ihoeffe's Weapon Shoppe.
 36433 | Depths:1 | Entered Level 1 of the Depths
 36473 | Depths:1 | Found a gateway to Hell.
 36514 | Depths:1 | Noticed Mara
 36522 | Depths:1 | Noticed freelancePsychic's illusion
 36523 | Depths:1 | Killed Mara
 36639 | Depths:1 | Found a shimmering altar of Xom.
 36723 | Depths:1 | Got Tolist's Spellbook of Ceraunoscopy
 36921 | Depths:1 | Found a shimmering altar of Xom.
 36926 | Depths:1 | Found a shimmering altar of Xom.
 36927 | Depths:1 | Found a shimmering altar of Xom.
 36949 | Depths:1 | Found a shimmering altar of Xom.
 36952 | Depths:1 | Found a shimmering altar of Xom.
 37001 | Depths:1 | Found a shimmering altar of Xom.
 37185 | Depths:1 | Found an ornate altar of the Wu Jian Council.
 37279 | Depths:2 | Noticed Norris
 37598 | Depths:1 | Killed Norris
 37953 | Depths:2 | Reached XP level 22. HP: 167/184 MP: 32/32
 38429 | Depths:2 | Acquired 822 gold pieces
 38455 | Depths:2 | Found a one-way gate leading to the halls of Pandemonium.
 38762 | Depths:3 | Found a one-way gate to the infinite horrors of the Abyss.
 38790 | Depths:3 | Found a one-way gateway to a ziggurat.
 38882 | Depths:3 | Reached skill level 15 in Invocations
 39278 | Depths:3 | Found a hazy altar of Hepliaklqana.
 39594 | Depths:3 | Noticed a golden dragon
 39604 | Depths:3 | Killed a golden dragon
 39612 | Depths:3 | Noticed a golden dragon
 39614 | Depths:3 | Noticed a golden dragon
 39620 | Depths:3 | Killed a golden dragon
 39620 | Depths:3 | Noticed a juggernaut
 39622 | Depths:3 | Killed a golden dragon
 39626 | Depths:3 | Identified the ring of Circularity {rF+ rN+ Str+2 Int+2}
 39630 | Depths:3 | Killed a juggernaut
 39879 | Depths:4 | Entered Level 4 of the Depths
 40066 | Depths:4 | Noticed a caustic shrike
 40066 | Depths:4 | Noticed a caustic shrike
 40066 | Depths:4 | Noticed a caustic shrike
 40067 | Depths:4 | Noticed a caustic shrike
 40071 | Depths:4 | Killed a caustic shrike
 40074 | Depths:4 | Killed a caustic shrike
 40079 | Depths:4 | Killed a caustic shrike
 40084 | Depths:4 | Killed a caustic shrike
 40171 | Depths:4 | Paralysed by a floating eye for 4 turns
 40245 | Depths:4 | Noticed a caustic shrike
 40247 | Depths:4 | Noticed a caustic shrike
 40247 | Depths:4 | Noticed a caustic shrike
 40252 | Depths:4 | Killed a caustic shrike
 40262 | Depths:4 | Killed a caustic shrike
 40682 | Depths:4 | Gained mutation: You are surrounded by an aura of silence.
                  | [demonic ancestry]
 40682 | Depths:4 | Reached XP level 23. HP: 184/185 MP: 32/34
 40846 | Depths:4 | Killed a caustic shrike
 40990 | Depths:4 | Noticed Boris
 41010 | Depths:4 | Killed Boris
 41072 | Depths:4 | Found a gate to the Realm of Zot.
 41443 | Depths:3 | Voluntarily entered the Abyss.
 42121 | Depths:3 | Escaped the Abyss
 42124 | Depths:3 | Voluntarily entered the Abyss.
 42437 | Abyss:5  | Got an abyssal rune of Zot
 42560 | Depths:3 | Escaped the Abyss
 42708 | Zot:1    | Entered Level 1 of the Realm of Zot
 42709 | Zot:1    | Noticed an orb of fire
 42725 | Zot:1    | Gained mutation: You sometimes lose your temper in combat.
                  | [an orb of fire]
 42727 | Zot:1    | Lost mutation: You sometimes lose your temper in combat.
                  | [an orb of fire]
 42728 | Zot:1    | Killed an orb of fire
 43664 | Zot:1    | Identified the +10 scimitar of Odghoa {freeze, rPois rCorr}
 43954 | Zot:2    | Reached XP level 24. HP: 193/197 MP: 33/34
 44451 | Zot:2    | Identified the +10 halberd of Big Damage {heavy, *Rage
                  | rElec rPois Int-2}
 44518 | Zot:2    | Found a transporter.
 44520 | Zot:2    | Found a transporter.
 44520 | Zot:2    | Noticed Sackuas's ghost (veteran OgBe)
 45143 | Zot:3    | Found the +4 dragonskin cloak
 45143 | Zot:3    | Noticed Tiamat
 45794 | Zot:3    | Killed Tiamat
 46225 | Zot:3    | Noticed Parghit
 46237 | Zot:3    | Killed Parghit
 46822 | Zot:4    | Noticed a Killer Klown
 46861 | Zot:4    | Killed a Killer Klown
 47161 | Zot:4    | Gained mutation: You are completely covered in sharp
                  | spines. [demonic ancestry]
 47161 | Zot:4    | Reached XP level 25. HP: 170/204 MP: 26/34
 47278 | Zot:4    | Found a transporter.
 47279 | Zot:4    | Found a radiant altar of Vehumet.
 47420 | Zot:4    | Noticed an orb of fire
 47433 | Zot:4    | Killed an orb of fire
 47434 | Zot:4    | Reached skill level 21 in Fighting
 47480 | Zot:4    | Identified the +2 buckler of Tenacity {*Corrode rElec
                  | Regen+ Str+3}
 47893 | Zot:5    | Entered Level 5 of the Realm of Zot
 48475 | Zot:5    | Noticed a dread lich
 48488 | Zot:5    | Killed a dread lich
 48496 | Zot:5    | Noticed an orb of fire
 48496 | Zot:5    | Noticed a dread lich
 48513 | Zot:5    | Noticed a Killer Klown
 48514 | Zot:5    | Noticed a Killer Klown
 48514 | Zot:5    | Noticed an orb of fire
 48516 | Zot:5    | Noticed a Killer Klown
 48524 | Zot:5    | Killed a dread lich
 48540 | Zot:5    | Killed an orb of fire
 48549 | Zot:5    | Reached skill level 15 in Evocations
 48550 | Zot:5    | Killed an orb of fire
 48563 | Zot:5    | Killed a Killer Klown
 48567 | Zot:5    | Killed a Killer Klown
 48568 | Zot:5    | Reached skill level 22 in Fighting
 48591 | Zot:5    | Killed a Killer Klown
 48796 | Zot:5    | Noticed an ancient lich
 48799 | Zot:5    | Noticed an orb of fire
 48800 | Zot:5    | Noticed a dread lich
 48800 | Zot:5    | Noticed an ancient lich
 48809 | Zot:5    | Noticed a Killer Klown
 48813 | Zot:5    | Killed a dread lich
 48816 | Zot:5    | Noticed a dread lich
 48818 | Zot:5    | Killed an ancient lich
 48821 | Zot:5    | Noticed an orb of fire
 48823 | Zot:5    | Gained mutation: Armour fits poorly on your strangely
                  | shaped body. [an orb of fire]
 48828 | Zot:5    | Killed an ancient lich
 48829 | Zot:5    | Reached skill level 23 in Fighting
 48835 | Zot:5    | Killed an orb of fire
 48840 | Zot:5    | Noticed an ancient lich
 48848 | Zot:5    | Gained mutation: You occasionally lose the ability to read
                  | scrolls when taking damage. [an orb of fire]
 48858 | Zot:5    | Killed a dread lich
 48866 | Zot:5    | Killed an orb of fire
 48894 | Zot:5    | Killed an ancient lich
 48898 | Zot:5    | Killed a Killer Klown
 48957 | Zot:5    | Reached XP level 26. HP: 224/224 MP: 19/34
 49030 | Zot:5    | Noticed an ancient lich
 49042 | Zot:5    | Killed an ancient lich
 49043 | Zot:5    | Reached skill level 24 in Fighting
 49237 | Zot:5    | Noticed a dread lich
 49249 | Zot:5    | Killed a dread lich
 49332 | Zot:5    | Lost mutation: You occasionally lose the ability to read
                  | scrolls when taking damage. [potion of mutation]
 49332 | Zot:5    | Lost mutation: Armour fits poorly on your strangely shaped
                  | body. [potion of mutation]
 49332 | Zot:5    | Gained mutation: You are occasionally teleported next to
                  | monsters. [potion of mutation]
 49332 | Zot:5    | Gained mutation: You are strong-willed. (Will+) [potion of
                  | mutation]
 49333 | Zot:5    | Lost mutation: You are occasionally teleported next to
                  | monsters. [potion of mutation]
 49333 | Zot:5    | Lost mutation: You are strong-willed. (Will+) [potion of
                  | mutation]
 49333 | Zot:5    | Gained mutation: You are clumsy. (Dex -2) [potion of
                  | mutation]
 49376 | Zot:5    | Got the Orb of Zot
 49671 | Depths:3 | Noticed Puucuzot the pandemonium lord
 50132 | D:$      | Escaped with the Orb!

Illustrated notes

Levels and vault maps discovered:
D:1:      lemuel_arrival_muddy, layout_basic
D:2:      layout_loops_cross, shapermc_ecumenical_altar_notcrosses
D:3:      layout_loops_ring, serial_shops, nicolae_shop_overgrown_old_shop,
          biasface_ghost_orc_armoury, portal_sewer_entry_c
D:4:      layout_loops_cross, serial_shops, nicolae_stop_n_shop_1,
          chequers_serial_rivers_micro_b, uniq_duvessa
D:5:      minmay_spotlight, layout_layer_cave, mainiacjoe_overflow_24_doors
D:6:      layout_loops_cross, serial_shops, nicolae_take_the_stairs
D:7:      layout_basic, minmay_temple_entry_enclosed_plants, uniq_joseph
D:8:      layout_gridville, serial_shops, nicolae_shop_industrial_runoff,
          ebering_dispersal_statue_hall, hangedman_abyss_or_decor_stabs,
          eino_jars
D:9:      layout_basic, minmay_diced_spiral
D:10:     layout_loops_cross, minmay_overflow_temple_star_quad,
          nicolae_ru_path_of_blood, grunt_lair_entry_orc_guard_hut,
          serial_glass, glass_columns_b, glass_columns_a, uniq_psyche
D:11:     layout_layer_cave, hellmonk_ghost_big_iron
D:12:     layout_loops_ring, kennysheep_orc_monster_closet_entryway,
          serial_shops, nicolae_shop_behind_doors, muffindrake_ghost_dual_entry
D:13:     minmay_the_grid_square_5x5_5x5
          [minmay_the_grid_square_5x5_sharp_hourglass,
          minmay_the_grid_square_5x5_six_small, minmay_the_grid_square_5x5_tie,
          minmay_the_grid_square_5x5_intrusive_squares,
          minmay_the_grid_square_5x5_plus, minmay_the_grid_square_5x5_empty,
          minmay_the_grid_square_5x5_prize_pseudospiral,
          minmay_the_grid_square_5x5_inset,
          minmay_the_grid_square_5x5_prize_open,
          minmay_the_grid_square_5x5_longway,
          minmay_the_grid_square_5x5_dogpile,
          minmay_the_grid_square_5x5_shuriken,
          minmay_the_grid_square_5x5_prize_snowflake,
          minmay_the_grid_square_5x5_two_walls_a,
          minmay_the_grid_square_5x5_hollow_slash,
          minmay_the_grid_square_5x5_fancy_junction,
          minmay_the_grid_square_5x5_prize_waves,
          minmay_the_grid_square_5x5_gyroscope,
          minmay_the_grid_square_5x5_prize_monsterx,
          minmay_the_grid_square_5x5_inverted_slash,
          minmay_the_grid_square_5x5_v,
          minmay_the_grid_square_5x5_checkered_statues,
          minmay_the_grid_square_5x5_bracketed,
          minmay_the_grid_square_5x5_spiral,
          minmay_the_grid_square_5x5_n_small], layout_loops_ring,
          david_vaults_5, gauntlet_entry_generic, uniq_nessos, uniq_josephine
D:14:     layout_roguey
D:15:     hangedman_depths_entry_try_elsewhere_first, layout_basic,
          nicolae_dithmenos_the_darkroom
Temple:   minmay_temple_bridge_d
Lair:1:   layout_cave_pods, grunt_forest_large_clearings
Lair:2:   layout_misc_corridors, nicolae_swamp_entry_splash_gauntlet,
          cheibrodos_lair_lostbears, serial_bayou_shore_a,
          infiniplex_staircase_pool
Lair:3:   layout_gridlike, guppyfry_snake_entry_island,
          grunt_forest_stairs_clearing, serial_bayou_shore_b
Lair:4:   layout_small_grid, slime_entry_1, minivault_25, pond,
          grunt_megastairs_1
Lair:5:   hangedman_lair_in_review, layout_regular_city,
          guppyfry_lair_end_dragon, chequers_serial_rivers_micro_c,
          eino_small_chamber_without_monster, minmay_lair_oklob_bushes,
          lemuel_fruit_tree, uniq_sonja
Swamp:1:  layout_basic_swamp, evilmike_swamp_ruin_rubble_1, uniq_mlioglotl
Swamp:2:  layout_falls_marsh, nicolae_swamp_little_swirl
Swamp:3:  layout_falls_marsh, evilmike_swamp_ruin_house_3
Swamp:4:  swamp_basic_johnstein, layout_basic_swamp, swamp_pool3,
          nicolae_swamp_frolicking_bunyips, uniq_bai_suzhen
Snake:1:  layout_rooms, serial_shops, freezing_bzr, nicolae_shop_behind_doors,
          shop, nicolae_shop_statue_plus
Snake:2:  layout_basic, uniq_nikola
Snake:3:  layout_onion_interference, serial_shops, nicolae_shop_window_shopping
Snake:4:  hellmonk_snake_rune_quicksilver_temple, layout_gridlike,
          nicolae_snake_lava_pool
Orc:1:    layout_caves, ebering_ghost_inner_flame
Orc:2:    st_orc_open, layout_caves, minmay_orc_temple_c, uniq_saint_roka
Elf:1:    layout_geoelf_grid, hangedman_corner_corridor,
          serial_sigils_hangedman_writhe, fountainhead, palyth_stone_intersect,
          minmay_misc_feat_columns
Elf:2:    nicolae_elf_blades_crystal_corner, layout_gridlike, serial_shops,
          shop_statue, lemuel_flame_loot_1, uniq_jorgrun, uniq_roxanne
Elf:3:    minmay_elf_hall_quartered_circle, layout_onion_city
Vaults:1: hangedman_vaults_stitches, nicolae_vaults_closet_pinwheel_6,
          vaults_room_hallway, nicolae_vaults_sesquioval_fish, v_misc_26,
          nicolae_vaults_double_plus_2, vaults_room_stairs_pillars,
          nicolae_vaults_sesquioval_fish, layout_vaults_omnigrid
Vaults:2: nicolae_vaults_network_barrier, minmay_crypt_entry_simple_round,
          vaults_dpeg_doors, v_rooms_1, ontoclasm_vaults_hangar,
          nicolae_vaults_apartment_1, vaults_mumra_hexcomb,
          grunt_vaults_hallway_short, nicolae_vaults_apartment_2,
          nicolae_vaults_mini_display_case, nicolae_vaults_prndl,
          nicolae_vaults_tetromino_Z_2, layout_vaults_omnicross, serial_shops,
          shop
Vaults:3: gammafunk_ghost_smash, nicolae_vaults_oval_intersection, v_rooms_6,
          nicolae_vaults_diamond_1, nicolae_vaults_sightless_eye,
          nicolae_vaults_rhombus_5, nicolae_vaults_diagonal_hallway_8,
          v_pattern_5, nicolae_vaults_windows_and_doors_thing,
          nicolae_vaults_hexular_roomagon, nicolae_vaults_triangles,
          vaults_standard_mumra_enter_the_diamond, ontoclasm_vaults_ligature,
          nicolae_vaults_surprise_closet_hard, nicolae_vaults_circle_grid_a,
          layout_vaults_omnibox, uniq_aizul
Vaults:4: nicolae_vaults_closet_pinwheel_3, nicolae_vaults_network_s,
          nicolae_vaults_offset_grid_hallway_1, dpeg_vaults_waves,
          nicolae_vaults_doubleplus_tesselated, grunt_vaults_focal,
          nicolae_vaults_taking_the_gang_shopping, ontoclasm_vaults_misaligned,
          hangedman_vaults_cutoff, nicolae_vaults_diamond_1,
          nicolae_vaults_little_squares_5, nicolae_vaults_theta,
          nicolae_vaults_little_squares_2, layout_vaults_maze_bifur, uniq_donald
Depths:1: layout_roguey, nzn_wu_jian_council_hall, hangedman_geh_valley,
          nicolae_xom_altar_mimics, uniq_mara
Depths:2: hangedman_screamer, layout_basic, pf_coc_iceberg,
          grunt_pan_entry_in_and_out, serial_sigils,
          serial_sigils_hangedman_confine, serial_sigils_hangedman_scar,
          serial_sigils_hangedman_gut, serial_sigils_hangedman_etch, uniq_norris
Depths:3: cross_vault, layout_basic, enter_ziggurat_b,
          nicolae_hepliaklqana_hazy_memory, hell_entry, pan_entry,
          abyss_entry_glasseish, lemuel_flamethrower_1
Depths:4: grunt_runaround [grunt_runaround_doors_1, grunt_runaround_doors_2,
          grunt_runaround_doors_3, grunt_runaround_doors_4,
          grunt_runaround_zot], hell_entry, uniq_boris
Zot:1:    layout_onion_interference
Zot:2:    layout_basic, gammafunk_ghost_arena, grunt_megastairs_4
Zot:3:    layout_onion_interference, hangedman_zot_decor_unnerving_road,
          lemuel_golem_globe, uniq_parghit, uniq_tiamat
Zot:4:    gammafunk_sealed_library, layout_cathedral_of_symmetry
Zot:5:    layout_gridlike

Skill      XL: |  1  2  3  4  5  6  7  8  9 10 11 12 13 14 15 16 17 18 19 20 21 22 23 24 25 26 |
---------------+-------------------------------------------------------------------------------+-----
Short Blades   | 1 2 3 4 5 6 8 10 11 12 14 | 14.0
Fighting       | 2 3 4 5 6 8 9 10 12 13 15 16 18 19 20 23 24 | 24.7
Invocations    | 2 6 7 10 12 14 15 | 15.0
Armour         | 2 4 6 8 10 11 12 14 16 17 19 21 22 | 22.0
Stealth        | 2 6 8 11 12 | 12.0
Evocations     | 2 6 8 11 13 15 | 15.0
Dodging        | 2 7 10 12 13 15 17 19 20 22 | 22.0
Unarmed Combat | |  2.9
Shapeshifting  | |  2.8

Action                     |  1- 3 |  4- 6 |  7- 9 | 10-12 | 13-15 | 16-18 | 19-21 | 22-24 | 25-27 || total
---------------------------+-------+-------+-------+-------+-------+-------+-------+-------+-------++-------
  Melee: Unarmed           |    23 |     8 |       |       |       |       |       |       |       ||    31
         Dagger            |    89 |   214 |   285 |   548 |   384 |       |       |       |       ||  1520
         Touch             |    18 |    36 |    62 |   134 |   288 |   486 |   605 |   861 |   279 ||  2769
         Punch             |       |     5 |     9 |    16 |    34 |    59 |   102 |   169 |    57 ||   451
         Quick blade       |       |       |       |       |   814 |  2038 |  2290 |  3185 |  1083 ||  9410
   Fire: Sling             |       |       |     2 |       |       |       |       |       |       ||     2
 Invoke: Ancestor Life: He |       |       |     1 |       |       |       |       |       |       ||     1
         Ancestor Identity |       |       |     1 |       |       |       |       |       |       ||     1
         Recall Ancestor   |       |       |       |     8 |     3 |       |     1 |     9 |     3 ||    24
         Idealise          |       |       |       |     1 |     6 |     7 |     5 |     5 |     1 ||    25
         Transference      |       |       |       |     1 |       |     2 |       |       |       ||     3
Ability: Begin Untransform |       |     1 |       |       |       |       |       |       |       ||     1
  Evoke: Wand              |       |     2 |       |     3 |    18 |     9 |       |    16 |       ||    48
         Lightning rod     |       |       |       |       |     4 |     4 |     5 |    12 |       ||    25
         Box of beasts     |       |       |       |       |     1 |     1 |       |     3 |     2 ||     7
         Phantom mirror    |       |       |       |       |       |     5 |       |       |     2 ||     7
         Phial of floods   |       |       |       |       |       |     2 |       |       |       ||     2
    Use: Scroll            |       |     7 |     9 |    10 |    14 |    13 |     9 |     4 |     3 ||    69
         Potion            |       |     1 |       |     3 |     1 |     2 |     3 |     4 |    10 ||    24
   Stab: Sleeping          |     1 |       |       |       |     5 |    15 |    35 |     2 |     1 ||    59
         Invisible         |       |     1 |       |       |     1 |       |     7 |       |       ||     9
         Confused          |       |       |     1 |    13 |    21 |    23 |   107 |    87 |    15 ||   267
         Distracted        |       |       |     1 |     7 |     7 |    21 |    21 |    44 |    10 ||   111
         Paralysed         |       |       |       |       |     6 |    38 |    51 |    42 |     3 ||   140
         Fleeing           |       |       |       |       |       |     1 |       |       |       ||     1
 Armour: Animal skin       |    24 |       |       |       |       |       |       |       |       ||    24
         Chain mail        |    17 |    86 |   144 |   215 |   241 |       |       |       |       ||   703
         Skin              |       |    30 |       |       |    14 |       |       |       |       ||    44
         Fire dragon scale |       |       |       |       |   140 |   465 |   344 |   619 |   139 ||  1707
  Dodge: Dodged            |    62 |    67 |    73 |   159 |   244 |   623 |   589 |  1193 |   263 ||  3273
  Block: Other             |       |       |       |       |       |       |   242 |   389 |    84 ||   715

Table legend: (Time is in decaauts)
 A = Elapsed time spent in this place.
 B = Non-inter-level travel time spent in this place.
 C = Inter-level travel time spent in this place.
 D = Time resting spent in this place.
 E = Time spent auto-exploring this place.
 F = Levels seen in this place.
 G = Mean time per level.
                   A        B        C        D        E       F      G
               +--------+--------+--------+--------+--------+-----+--------+
         Total |  47466 |  43531 |   3935 |   2279 |  32122 |  56 |  847.6 |
       Dungeon |  15015 |  12941 |   2074 |    252 |  10348 |  15 | 1001.0 |
        Temple |    136 |      2 |    134 |      0 |      0 |   1 |  136.0 |
          Lair |   5540 |   5102 |    438 |     51 |   3942 |   5 | 1108.0 |
         Swamp |   2795 |   2590 |    205 |      9 |   1984 |   4 |  698.8 |
     Snake Pit |   2846 |   2705 |    141 |      0 |   2051 |   4 |  711.5 |
  Orcish Mines |   1052 |    965 |     87 |      0 |    760 |   2 |  526.0 |
   Elven Halls |   2551 |   2419 |    132 |     28 |   1920 |   3 |  850.3 |
        Vaults |   4650 |   4543 |    107 |      0 |   3805 |   4 | 1162.5 |
        Depths |   5401 |   5052 |    349 |   1001 |   2896 |   4 | 1350.2 |
           Zot |   5646 |   5382 |    264 |    938 |   3302 |   5 | 1129.2 |
         Abyss |    964 |    964 |      0 |      0 |    557 |   6 |  160.7 |
        Bazaar |    106 |    106 |      0 |      0 |     65 |   1 |  106.0 |
         Sewer |    449 |    449 |      0 |      0 |    289 |   1 |  449.0 |
      Gauntlet |    307 |    307 |      0 |      0 |    199 |   1 |  307.0 |
               +--------+--------+--------+--------+--------+-----+--------+

Top non-repeatable levels by time:
Depths:4: 2127 daAuts
    D:11: 1630 daAuts
   Zot:2: 1402 daAuts
     D:5: 1344 daAuts
   Zot:5: 1336 daAuts
    D:12: 1290 daAuts
  Lair:5: 1286 daAuts
  Lair:4: 1278 daAuts
     D:3: 1268 daAuts
Vaults:3: 1266 daAuts
Depths:2: 1249 daAuts
   Elf:3: 1187 daAuts
    D:13: 1166 daAuts
Vaults:2: 1161 daAuts
Vaults:4: 1135 daAuts
